 Dungeon Crawl Stone Soup version 0.29-a0-961-gfab03dca74 (webtiles) character file.

Game seed: 12896244940666203926

926 Elmgren the Trooper (level 7, -5/66 HPs)
             Began as a Minotaur Berserker on July 30, 2022.
             Was a Believer of Trog.
             Killed by nerve-wracking pain
             ... invoked by Menkaure
              (14 damage)
             ... on level 5 of the Dungeon.
             The game lasted 00:12:59 (8825 turns).

Elmgren the Trooper (Minotaur Berserker)            Turns: 8825, Time: 00:13:00

Health: -5/66      AC:  9    Str: 24    XL:     7   Next: 85%
Magic:  6/6        EV: 10    Int:  4    God:    Trog [**....]
Gold:   292        SH:  0    Dex:  9    Spells: 6/6 levels left

rFire   . . .      SeeInvis .   p - +2 whip (drain)
rCold   . . .      Faith    .   (no shield)
rNeg    . . .      Spirit   .   a - +0 scale mail
rPois   .          Reflect  .   (helmet restricted)
rElec   .          Harm     .   (no cloak)
rCorr   .          Rampage  .   (no gloves)
Will    .....                   g - +0 pair of boots
Stlth   ..........              (no amulet)
HPRegen 0.21/turn               (no ring)
MPRegen 0.10/turn               (no ring)

@: on berserk cooldown, slowed, very slow
A: horns 2, retaliatory headbutt
a: Renounce Religion, Berserk, Trog's Hand


You were on level 5 of the Dungeon.
You worshipped Trog.
Trog was pleased with you.
You visited 1 branch of the dungeon, and saw 5 of its levels.

You collected 292 gold pieces.

Inventory:

Hand Weapons
 b - a +0 whip of flaming
 o - a +0 flail of draining
 p - a +2 whip of draining (weapon)
Missiles
 k - 13 poisoned darts (quivered)
Armour
 a - a +0 scale mail (worn)
 g - a +0 pair of boots (worn)
Jewellery
 l - a ring of willpower
Wands
 e - a wand of roots (8)
 q - a wand of paralysis (9)
Scrolls
 d - a scroll of teleportation
 f - 2 scrolls of fear
 h - 2 scrolls of identify
 n - a scroll of poison
Potions
 c - a potion of heal wounds
 i - 2 potions of cancellation
 j - 2 potions of ambrosia
 m - 3 potions of curing


   Skills:
 + Level 7.2 Fighting
 + Level 7.2 Maces & Flails
 + Level 6.7 Armour
 - Level 2.1 Dodging


You had 6 spell levels left.
You didn't know any spells.
Your spell library was empty.

Dungeon Overview and Level Annotations

Branches:
Dungeon (5/15) Zot: 21170
 Temple: D:4-7

Altars:
Kikubaaqudgha
Wu Jian

Annotations:
D:5 Eustachio, Grinder, Menkaure


Innate Abilities, Weirdness & Mutations

You have a pair of horns on your head.
You reflexively headbutt those who attack you in melee.


Message History

Grinder attacks as you move away! Grinder hits you.
You writhe in agony.
The gnoll hits you from afar with a +0 spear.
The gnoll hits you with a +0 club.
Eustachio casts a spell.
Eustachio blinks!
Grinder attacks as you move away! Grinder closely misses you.
Grinder says, "Tell me all your secrets, or I'll kill you."
The gnoll hits you but does no damage. Grinder hits you.
The gnoll closely misses you. You furiously retaliate!
You headbutt the gnoll, but do no damage.
The gnoll attacks as you move away! The gnoll hits you with a +0 club!
Grinder hits you but does no damage.
You hit the gnoll.
The gnoll is moderately wounded.
The gnoll hits you but does no damage. x2; Grinder hits you but does no damage.
As you read the scroll of teleportation, it crumbles to dust.
You feel strangely unstable. Grinder hits you but does no damage.
The gnoll closely misses you.
The gnoll hits you but does no damage. x2
The gnoll hits you with a +0 spear. Grinder misses you.
The gnoll hits you with a +0 whip. The gnoll hits you with a +0 club.
There are monsters nearby!
Unknown command.
Eustachio mumbles some strange words.
Eustachio blinks!
Okay, then.
Grinder attacks as you move away! Grinder closely misses you.
The gnoll attacks as you move away! The gnoll barely misses you.
Eustachio attacks as you move away! Eustachio barely misses you.
Your surroundings suddenly seem different.
Menkaure and a hound come into view.
Found a pair of boots.
Found a stone staircase leading down.
Menkaure shouts!
The hound barks!
Something shouts, "Slither hence, thou twisted motley-minded bandersnitch!"
The hound moves out of view.
Menkaure attacks as you move away! Menkaure hits you!
* * * LOW HITPOINT WARNING * * *
Found 13 gold pieces.
Menkaure points at you and mumbles some strange words.
Pain shoots through your body!
You die...

#.## ...#
#.># #..#
#..# #.[#
###..####
#...@h..#
#.#..##$#
#.M.......
.....#.#.##
#.#.#.# #
#.#. .# #
.. .. #. .#
#. .#


You could see Menkaure and a hound.

Vanquished Creatures
  Sigmund (D:3)
  A steam dragon (D:4)
  Edmund (D:4)
  An ogre (D:4)
  A phantom (D:4)
  A scorpion (D:4)
  A gnoll bouda (D:4)
  2 orc priests
  Ijyb (D:5)
  An iguana (D:4)
  An orc wizard (D:2)
  A gnoll (D:4)
  3 adders (D:4)
  A worm (D:4)
  4 dart slugs
  17 orcs
  8 endoplasms
  3 giant cockroaches
  7 goblins
  10 hobgoblins
  6 jackals
  7 kobolds
  2 quokkas
  7 ball pythons
  2 bats
  2 frilled lizards (D:1)
  2 rats
94 creatures vanquished.

Vanquished Creatures (others)
  A hobgoblin (D:4)
  A kobold (D:4)
2 creatures vanquished.

Grand Total: 96 creatures vanquished

Notes
Turn   | Place    | Note
-------+----------+-------------------------------------------
     0 | D:1      | Elmgren the Minotaur Berserker began the quest for the Orb.
     0 | D:1      | Reached XP level 1. HP: 19/19 MP: 0/0
   345 | D:1      | Found a large runed translucent door.
   345 | D:1      | Found a large runed translucent door.
   491 | D:1      | Reached XP level 2. HP: 19/27 MP: 1/1
  1429 | D:1      | Reached ** piety under Trog
  1430 | D:1      | Reached XP level 3. HP: 29/33 MP: 2/2
  2890 | D:2      | Reached XP level 4. HP: 41/41 MP: 3/3
  3036 | D:2      | Found a faded altar of an unknown god.
  5021 | D:3      | Noticed Sigmund
  5050 | D:3      | Killed Sigmund
  5051 | D:3      | Reached skill level 5 in Fighting
  5051 | D:3      | Reached skill level 5 in Maces & Flails
  5051 | D:3      | Reached XP level 5. HP: 38/48 MP: 4/4
  5051 | D:3      | Reached XP level 6. HP: 44/56 MP: 5/5
  6215 | D:4      | Reached skill level 5 in Armour
  6393 | D:4      | Noticed Edmund
  6402 | D:4      | Killed Edmund
  6763 | D:4      | Noticed a steam dragon
  6778 | D:4      | Killed a steam dragon
  6779 | D:4      | Reached XP level 7. HP: 36/64 MP: 6/6
  7798 | D:4      | Found an ornate altar of the Wu Jian Council.
  7917 | D:4      | Found an ancient bone altar of Kikubaaqudgha.
  8802 | D:5      | Entered Level 5 of the Dungeon
  8802 | D:5      | Noticed Ijyb
  8806 | D:5      | Noticed Grinder
  8807 | D:5      | Killed Ijyb
  8812 | D:5      | Paralysed by Grinder for 5 turns
  8813 | D:5      | Noticed Eustachio
  8824 | D:5      | Noticed Menkaure
  8825 | D:5      | Killed from afar by Menkaure

Illustrated notes

Levels and vault maps discovered:
D:1:      erik_arrival_cave_to_civilisation [erik_arrival_cave_to_temple],
          layout_basic, chequers_serial_rivers_room_b, lemuel_old_faithful
D:2:      layout_loops_ring, basic_ecumenical_altar, minivault_5
D:3:      layout_loops_ring, uniq_sigmund
D:4:      layout_basic, lemuel_tele_altar, old_standard_altar,
          kennysheep_diamond, hangedman_abyss_or_decor_stabs, minivault_26,
          minmay_joined_circles, uniq_edmund
D:5:      layout_loops_ring, uniq_eustachio, uniq_ijyb, uniq_menkaure,
          uniq_grinder

Skill      XL: |  1  2  3  4  5  6  7 |
---------------+----------------------+-----
Fighting       | 4 5 6 7 |  7.2
Maces & Flails | 4 5 6 7 |  7.2
Armour         | 3 4 5 6 |  6.7
Dodging        | |  2.1

Action                   |  1- 3 |  4- 6 |  7- 9 || total
-------------------------+-------+-------+-------++-------
Melee: Mace              |    12 |       |       ||    12
       Headbutt          |    15 |    12 |    11 ||    38
       Whip              |    73 |    59 |    67 ||   199
       Flail             |       |    13 |       ||    13
       Punch             |       |     3 |     1 ||     4
Invok: Berserk           |     1 |     3 |     1 ||     5
  Use: Potion            |     2 |     4 |     2 ||     8
       Scroll            |     1 |     3 |     2 ||     6
Armor: Ring mail         |     7 |       |       ||     7
       Scale mail        |    21 |    10 |    27 ||    58
Dodge: Dodged            |    39 |    28 |    30 ||    97

Table legend: (Time is in decaauts)
 A = Elapsed time spent in this place.
 B = Non-inter-level travel time spent in this place.
 C = Inter-level travel time spent in this place.
 D = Time resting spent in this place.
 E = Time spent auto-exploring this place.
 F = Levels seen in this place.
 G = Mean time per level.
                   A        B        C        D        E       F      G
               +--------+--------+--------+--------+--------+-----+--------+
         Total |   8828 |   8664 |    164 |   4267 |   3500 |   5 | 1765.6 |
       Dungeon |   8828 |   8664 |    164 |   4267 |   3500 |   5 | 1765.6 |
               +--------+--------+--------+--------+--------+-----+--------+

Top non-repeatable levels by time:
     D:4: 2672 daAuts
     D:1: 2433 daAuts
     D:2: 2183 daAuts
     D:3: 1515 daAuts
     D:5: 22 daAuts
